 Dungeon Crawl Stone Soup version 0.27.1-34-g3ba077fa99 (webtiles) character file.

Game seed: 10130674309980961807

333 KittyFluff the Cudgeller (level 6, -2/57 HPs)
             Began as a Gargoyle Berserker on Jan 23, 2022.
             Was a Priest of Trog.
             Slain by reversiblehash's ghost (4 damage)
             ... on level 3 of the Dungeon.
             The game lasted 00:14:56 (3369 turns).

KittyFluff the Cudgeller (Gargoyle Berserker)       Turns: 3369, Time: 00:14:57

Health: -2/57      AC:  9    Str: 20    XL:     6   Next: 52%
Magic:  6/6        EV: 12    Int:  8    God:    Trog [***...]
Gold:   77         SH:  0    Dex: 11    Spells: 5/5 levels left

rFire    . . .     SeeInvis +   a - +0 mace
rCold    . . .     Faith    .   (no shield)
rNeg     + . .     Spirit   .   g - +0 leather armour
rPois    ∞         Reflect  .   (no helmet)
rElec    +         Harm     .   (no cloak)
rCorr    .         Rampage  .   (no gloves)
Will     .....                  j - +0 pair of boots
Stlth    ..........             (no amulet)
HPRegen  0.19/turn              i - ring of see invisible
MPRegen  0.10/turn              (no ring)

@: berserking (expiring), very quick
A: sickness immunity, AC +4, negative energy resistance 1, electricity
resistance, torment resistance 1, petrification resistance
a: Renounce Religion, Berserk, Trog's Hand


You were on level 3 of the Dungeon.
You worshipped Trog.
Trog was most pleased with you.
You visited 1 branch of the dungeon, and saw 3 of its levels.

You collected 77 gold pieces.

Inventory:

Hand Weapons
 a - a +0 mace (weapon)
 h - a +0 morningstar
Missiles
 b - 17 poisoned darts
 c - 42 bolts
 f - 6 boomerangs (quivered)
 l - 23 arrows
 o - 14 sling bullets
Armour
 g - a +0 leather armour (worn)
 j - a +0 pair of boots (worn)
Jewellery
 i - a ring of see invisible (left hand)
 n - an amulet of faith
Scrolls
 e - 3 scrolls of teleportation
 k - a scroll of identify
Potions
 m - a potion of attraction


   Skills:
 + Level 4.2 Fighting
 + Level 5.0 Maces & Flails
 * Level 3.5 Armour
 * Level 3.1 Dodging
 + Level 0.8 Stealth


You had 5 spell levels left.
You didn't know any spells.
Your spell library was empty.

Dungeon Overview and Level Annotations

Branches:
Dungeon (3/15)

Altars:
Ashenzari
Cheibriados
Kikubaaqudgha

Annotations:
D:3 1 transporter, reversiblehash's ghost, amateur GnFi


Innate Abilities, Weirdness & Mutations

You are immune to sickness and miasma.
Your stone body is resilient. (AC +4)
You are immune to poison.
You resist negative energy. (rN+)
You are resistant to electric shocks. (rElec)
You are resistant to unholy torment.
You are immune to petrification.


Message History

Reversiblehash's ghost hits you. The ogre closely misses you.
You sock the ogre!
The ogre is heavily wounded.
Reversiblehash's ghost hits you.
You sock the ogre!
The ogre is almost dead.
The ogre barely misses you. Reversiblehash's ghost misses you.
You hit the ogre.
You kill the ogre!
Trog accepts your kill. Reversiblehash's ghost hits you.
You have reached level 6!
Your experience leads to an increase in your attributes!
Increase (S)trength, (I)ntelligence, or (D)exterity?
You feel agile.
You completely miss the ogre. The ogre closely misses you.
You sock the ogre!
The ogre is moderately wounded.
Reversiblehash's ghost barely misses you.
You sock the ogre!
The ogre is almost dead.
The ogre barely misses you.
Reversiblehash's ghost closely misses you.
You bludgeon the ogre!!
You kill the ogre!
Trog accepts your kill. Reversiblehash's ghost hits you!
* * * LOW HITPOINT WARNING * * *
Your Maces & Flails skill increases to level 5!
Your Dodging skill increases to level 3!
You sock reversiblehash's ghost!
Reversiblehash's ghost is moderately damaged.
Reversiblehash's ghost hits you!
* * * LOW HITPOINT WARNING * * *
You hit reversiblehash's ghost.
Reversiblehash's ghost is moderately damaged.
You sock reversiblehash's ghost!
Reversiblehash's ghost is severely damaged.
Reversiblehash's ghost hits you.
You die...

#.#.####.#
#.##########.######
#........#
##.......##........#
....######
#...####.##.#.####.#
#####
#......#.##....###.#
#.########......##.#
###......#.....###.#
#.#..#.#..#..###.##
#..##..#...........
#.@##W.#.##.#######
#W#).#.#©.#.#
#©....?#....#
#.#..#$#©...#
#..##..#.##.#
#..##.$#.##.#
#.#..#.#.##.#
#..(..©#.##.#
########.##.##


You could see reversiblehash's ghost.

Vanquished Creatures
  2 ogres (D:3)
  An iguana (D:3)
  4 adders (D:3)
  A shadow imp (D:3)
  4 worms
  2 dart slugs (D:1)
  6 ball pythons
  6 bats
  10 endoplasms
  2 giant cockroaches
  3 goblins
  5 hobgoblins
  6 jackals
  6 quokkas
  3 frilled lizards
  7 kobolds
  7 rats
75 creatures vanquished.

Vanquished Creatures (others)
  3 plants (D:2)
3 creatures vanquished.

Grand Total: 78 creatures vanquished

Notes
Turn   | Place    | Note
-------+----------+-------------------------------------------
     0 | D:1      | KittyFluff the Gargoyle Berserker began the quest for the
                  | Orb.
     0 | D:1      | Reached XP level 1. HP: 14/14 MP: 1/1
   328 | D:1      | Reached XP level 2. HP: 8/19 MP: 2/2
   573 | D:1      | Found a faded altar of an unknown god.
   621 | D:1      | Reached XP level 3. HP: 17/23 MP: 3/3
   808 | D:1      | Reached ** piety under Trog
  1786 | D:2      | Found an ancient bone altar of Kikubaaqudgha.
  1871 | D:2      | Reached XP level 4. HP: 20/29 MP: 4/4
  2186 | D:3      | Found a broken altar of Ashenzari.
  2256 | D:3      | Reached skill level 4 in Maces & Flails
  2627 | D:3      | Reached XP level 5. HP: 33/33 MP: 5/5
  2959 | D:3      | Reached *** piety under Trog
  3019 | D:3      | Found a snail-covered altar of Cheibriados.
  3110 | D:3      | Noticed reversiblehash's ghost (amateur GnFi)
  3110 | D:3      | Identified the +7 great mace of Sudden Death {drain, Dex+5}
  3110 | D:3      | Noticed an ogre
  3111 | D:3      | Noticed an ogre
  3115 | D:3      | Found a transporter.
  3116 | D:3      | Found a transporter.
  3362 | D:3      | Killed an ogre
  3363 | D:3      | Reached XP level 6. HP: 27/38 MP: 6/6
  3367 | D:3      | Reached skill level 5 in Maces & Flails
  3367 | D:3      | HP: 2/57 [reversiblehash's ghost (13)]
  3369 | D:3      | Slain by reversiblehash's ghost

Illustrated notes

Levels and vault maps discovered:
D:1:      dpeg_arrival_connections, layout_rooms,
          hellmonk_ecumenical_altar_inner_sanctum,
          chequers_serial_rivers_small_b
D:2:      layout_basic, basic_altar, skrybe_limestone_x, corner_web_ring,
          serial_bayou_pond_b
D:3:      layout_loops_corners, mainiacjoe_overflow_brackets,
          lemuel_crystal_altar, gammafunk_ghost_smash

Skill      XL: |  1  2  3  4  5  6 |
---------------+-------------------+-----
Dodging        | 2 3 |  3.1
Maces & Flails | 4 5 |  5.0
Armour         | 3 |  3.5
Fighting       | 4 |  4.2
Stealth        | |  0.8

Action                   |  1- 3 |  4- 6 || total
-------------------------+-------+-------++-------
Melee: Mace              |   107 |   103 ||   210
Invok: Berserk           |     2 |     2 ||     4
  Use: Scroll            |       |     5 ||     5
       Potion            |       |     1 ||     1
Armor: Robe              |    23 |       ||    23
       Animal skin       |     1 |       ||     1
       Leather armour    |    16 |    30 ||    46
Dodge: Dodged            |    67 |    68 ||   135
